 Dungeon Crawl Stone Soup version 0.30-a0-779-g7971cf19c3 (webtiles) character file.

Game seed: 15294680719643209308

270 themarg the Firebug (level 6, -6/44 HPs)
             Began as a Demonspawn Fire Elementalist on Feb 17, 2023.
             Mangled by Ijyb
             ... wielding a +2 dagger of electrocution
              (15 damage)
             ... on level 3 of the Dungeon.
             The game lasted 00:06:32 (3218 turns).

themarg the Firebug (Demonspawn Fire Elementalist)  Turns: 3218, Time: 00:06:32

Health: -6/44      AC:  9    Str:  8    XL:     6   Next: 1%
Magic:  0/9        EV: 12    Int: 18    God:
Gold:   120        SH:  0    Dex: 14    Spells: 7/10 levels left

rFire   . . .      SeeInvis .    f - +2 dagger (protect)
rCold   . . .      Faith    .    (no shield)
rNeg    . . .      Spirit   .    a - +0 robe
rPois   .          Reflect  .    (no helmet)
rElec   .          Harm     .    (no cloak)
rCorr   .          Rampage  .    (no gloves)
Will    .....                    (no boots)
Stlth   ++                       (no amulet)
HPRegen 0.27/turn                (no ring)
MPRegen 0.11/turn                (no ring)

@: under a protective aura
A: claws 2, demonic guardian 1, demonic magic 1
a: no special abilities


You were on level 3 of the Dungeon.
You visited 1 branch of the dungeon, and saw 3 of its levels.

You collected 120 gold pieces.

Inventory:

Hand Weapons
 f - a +2 dagger of protection (weapon)
Missiles
 c - 44 stones
 u - 7 poisoned darts
Armour
 a - a +0 robe (worn)
 p - the +1 plate armour of the Dropbear {+Blink}
   (You found it on level 3 of the Dungeon)

   +Blink:    It lets you blink.
Magical Staves
 r - a staff of cold
Jewellery
 l - a +4 ring of protection
 m - a +4 ring of protection
Wands
 q - a wand of digging (7)
Scrolls
 d - a scroll of vulnerability {unknown}
 e - 2 scrolls of acquirement {unknown}
 h - 2 scrolls of amnesia {unknown}
 i - a scroll of identify {unknown}
 j - 2 scrolls of blinking {unknown}
 t - a scroll of noise {unknown}
Potions
 b - 2 potions of magic
 g - a potion of flight {unknown}
 k - a potion of mutation {unknown}
 n - a potion of degeneration {unknown}
 o - a potion of lignification {unknown}
 s - 2 potions of brilliance {unknown}
 v - a potion of heal wounds {unknown}


   Skills:
 + Level 2.1 Fighting
 + Level 2.8 Dodging
 - Level 2.0 Stealth
 - Level 2.5 Spellcasting
 - Level 1.0 Conjurations
 - Level 5.0 Fire Magic


You had 7 spell levels left.
You knew the following spells:

 Your Spells              Type           Power      Damage    Failure   Level
a - Foxfire               Conj/Fire      52%        2x1d6     4%          1
b - Scorch                Fire           40%        2d7       3%          2

Your spell library contained the following spells:

 Spells                   Type           Power      Damage    Failure   Level
 Inner Flame              Hex/Fire       11%        N/A       19%         3
 Lesser Beckoning         Tloc           4%         N/A       26%         2
 Kindle Blastsparks       Fire/Tloc/Air  16%        2d11      26%         3
 Gell's Gravitas          Tloc           2%         N/A       45%         3
 Teleport Other           Tloc           2%         N/A       45%         3
 Flame Wave               Conj/Fire      13%        2d6       45%         4
 Freezing Cloud           Conj/Ice/Air   1%         6-21      99%         5
 Simulacrum               Ice/Necr       1%         N/A       100%        6
 Polar Vortex             Ice            1%         N/A       100%        9


Dungeon Overview and Level Annotations

Branches:
Dungeon (3/15)

Altars:

Annotations:
D:3 Ijyb


Innate Abilities, Weirdness & Mutations

You have very sharp fingernails.
A weak demonic guardian rushes to your aid.
Spells you cast may paralyse adjacent enemies.


Message History

The grasping roots constrict you!
You conjure some foxfire!
Malevolent energies surge around you.
The foxfire hits Ijyb.
Ijyb is moderately wounded.
The grasping roots constrict you.
The foxfire hits Ijyb.
Ijyb is moderately wounded.
The grasping roots release their grip on you.
You conjure some foxfire!
Malevolent energies surge around you.
The foxfire hits Ijyb.
Ijyb is moderately wounded.
You conjure some foxfire!
Malevolent energies surge around you.
The foxfire hits Ijyb but does no damage.
Ijyb is moderately wounded.
The foxfire hits Ijyb.
Ijyb is heavily wounded.
The foxfire hits Ijyb but does no damage.
Ijyb is heavily wounded.
You conjure some foxfire!
Malevolent energies surge around you.
The foxfire hits Ijyb but does no damage.
Ijyb is heavily wounded.
Flames lash Ijyb but do no damage.
Malevolent energies surge around you.
The foxfire hits Ijyb but does no damage.
Ijyb is heavily wounded.
Ijyb zaps a wand.
The roots erupt in riotous growth!
The grasping roots grab you! The grasping roots constrict you!
The foxfire hits Ijyb.
Ijyb is heavily wounded.
Flames lash Ijyb.
Ijyb is almost dead.
Ijyb's fire resistance burns away.
Malevolent energies surge around you. The grasping roots constrict you.
The grasping roots release their grip on you.
Ijyb hits you with a +2 dagger of electrocution.
You are electrocuted!
* * * LOW HITPOINT WARNING * * *
You hit Ijyb but do no damage.
Your weapon exudes an aura of protection.
Ijyb is almost dead.
Ijyb hits you but does no damage.
You are electrocuted!
You die...

#.......# #..### #...
#.......####...##### #..>
#.......#..........# #...
#.......#..........# ####
#.......#..........##
#.......#...........# ##
#...................### #.
#.....................## ##.
#####.###......g@..#...#### #..
#.####.######>........## #.#
#...##<### ####..###..####.#
###.##...#######...###...##.#
#..r##..#........#####).#.#
#########[###.............###...#
........#...##........#...# #....
........###.###...........###.###
........# #.#
#.....รท.###........


You could see Ijyb (combustible).

Vanquished Creatures
  A bullfrog (D:2)
  Jessica (D:3)
  Natasha (thrice) (D:2)
  3 gnolls (D:3)
  3 adders
  2 dart slugs
  An orc (D:3)
  7 ball pythons
  3 endoplasms
  A giant cockroach (D:2)
  3 goblins
  5 hobgoblins
  3 quokkas (D:1)
  3 bats (D:3)
  2 frilled lizards
  4 kobolds
  10 rats
55 creatures vanquished.

Vanquished Creatures (others)
  103 foxfires
103 creatures vanquished.

Grand Total: 158 creatures vanquished

Notes
Turn   | Place    | Note
-------+----------+-------------------------------------------
     0 | D:1      | themarg the Demonspawn Fire Elementalist began the quest
                  | for the Orb.
     0 | D:1      | Reached XP level 1. HP: 13/13 MP: 3/3
   464 | D:1      | Gained mutation: Spells you cast may paralyse adjacent
                  | enemies. [demonic ancestry]
   464 | D:1      | Reached XP level 2. HP: 19/19 MP: 1/5
   467 | D:1      | Learned a level 2 spell: Scorch
   525 | D:1      | Reached skill level 3 in Fire Magic
  1205 | D:2      | Noticed Natasha
  1214 | D:2      | Killed Natasha
  1215 | D:2      | Reached XP level 3. HP: 24/24 MP: 0/6
  1595 | D:2      | Reached skill level 4 in Fire Magic
  1597 | D:2      | Gained mutation: You have sharp fingernails. [demonic
                  | ancestry]
  1597 | D:2      | Reached XP level 4. HP: 30/30 MP: 0/7
  1778 | D:2      | Noticed Natasha
  1784 | D:2      | Killed Natasha
  1810 | D:2      | Noticed Natasha
  1814 | D:2      | Killed Natasha
  2062 | D:3      | Identified the +1 plate armour of the Dropbear {+Blink}
  2250 | D:3      | Gained mutation: You have very sharp fingernails. [demonic
                  | ancestry]
  2250 | D:3      | Reached XP level 5. HP: 35/35 MP: 1/8
  2392 | D:3      | Noticed Jessica
  2397 | D:3      | Killed Jessica
  2398 | D:3      | Reached skill level 5 in Fire Magic
  2467 | D:3      | Reached skill level 1 in Fighting
  2679 | D:3      | Noticed Ijyb
  2813 | D:2      | Gained mutation: A weak demonic guardian rushes to your
                  | aid. [demonic ancestry]
  2813 | D:2      | Reached XP level 6. HP: 21/44 MP: 2/9
  3218 | D:3      | Mangled by Ijyb

Illustrated notes

Levels and vault maps discovered:
D:1:      dpeg_arrival_castle, layout_loops_cross
D:2:      layout_basic, minivault_26, uniq_natasha
D:3:      layout_rooms, hangedman_decor_push, uniq_jessica, uniq_ijyb

Skill      XL: |  1  2  3  4  5 |
---------------+----------------+-----
Stealth        | 2 |  2.0
Fire Magic     | 3 4 5 |  5.0
Dodging        | 2 |  2.8
Fighting       | 2 |  2.1
Spellcasting   | |  2.5
Conjurations   | |  1.0

Action                     |  1- 3 |  4- 6 || total
---------------------------+-------+-------++-------
  Melee: Dagger            |     8 |     7 ||    15
   Cast: Foxfire           |    43 |    21 ||    64
         Scorch            |    10 |    31 ||    41
   Stab: Paralysed         |     2 |     2 ||     4
 Armour: Robe              |     1 |     3 ||     4
  Dodge: Dodged            |     7 |    13 ||    20

Table legend: (Time is in decaauts)
 A = Elapsed time spent in this place.
 B = Non-inter-level travel time spent in this place.
 C = Inter-level travel time spent in this place.
 D = Time resting spent in this place.
 E = Time spent auto-exploring this place.
 F = Levels seen in this place.
 G = Mean time per level.
                   A        B        C        D        E       F      G
               +--------+--------+--------+--------+--------+-----+--------+
         Total |   3222 |   3087 |    135 |    421 |   2275 |   3 | 1074.0 |
       Dungeon |   3222 |   3087 |    135 |    421 |   2275 |   3 | 1074.0 |
               +--------+--------+--------+--------+--------+-----+--------+

Top non-repeatable levels by time:
     D:1: 1140 daAuts
     D:2: 1125 daAuts
     D:3: 957 daAuts
